 Dungeon Crawl Stone Soup version 0.14.0-12-g87ee3b7 (webtiles) character file.

2375 Leibowitz the Nimble (level 9, -8/69 HPs)
             Began as a Merfolk Gladiator on Apr 16, 2014.
             Was a Priest of Okawaru.
             Mangled by a giant goldfish (10 damage)
             ... on Level 8 of the Dungeon.
             The game lasted 00:32:21 (7704 turns).

Leibowitz the Nimble (Merfolk Gladiator)            Turns: 7704, Time: 00:32:21

HP  -8/69        AC  6     Str 15 (16) XL: 9   Next: 29%
MP  10/10        EV 26     Int  7      God: Okawaru [***...]
Gold 257         SH  0     Dex 17      Spells:  0 memorised,  8 levels left

rFire  + . .     SeeInvis .     a - +1 trident
rCold  . . .     Clarity  .     z - +1 robe {rF+}
rNeg   . . .     Conserve .     (no shield)
rPois  .         rCorr    .     c - +1 helmet
rElec  .         rRot     .     B - +0 cloak {+Inv}
SustAb + .       Spirit   .     (no gloves)
rMut   .         Warding  .     s - melded +0 pair of boots
Saprov . . .     Stasis   .     (no amulet)
MR     .....                    (no ring)
                                b - ring of sustain abilities {unknown}

@: very quick, not resistant to hostile enchantments, quite stealthy
A: change form in water, swift swim
a: Heroism, Renounce Religion, Evoke Invisibility


You were on level 8 of the Dungeon.
You worshipped Okawaru.
Okawaru was most pleased with you.
You were not hungry.

You visited 2 branches of the dungeon, and saw 9 of its levels.

You collected 365 gold pieces.
You spent 108 gold pieces at shops.

Inventory:

Hand weapons
 a - a +1,+1 trident (weapon)
 v - a +0,+0 trident
 y - a +2,+0 scythe
Missiles
 d - 2 throwing nets (quivered)
 e - 17 poisoned needles
 p - 2 needles of sleeping
 r - a javelin
 x - 22 stones
Armour
 c - a +1 helmet (worn)
 s - a +0 pair of boots (melded)
 z - a +1 robe of fire resistance (worn)
 B - a +0 cloak of darkness (worn)
Magical devices
 i - a wand of flame (6)
 q - a wand of polymorph (13)
Comestibles
 f - 4 bread rations
 h - a choko
 j - an apricot
 l - an apple
 m - 3 meat rations
 n - a lemon
Scrolls
 g - 9 scrolls of identify
 k - 5 scrolls of remove curse
 o - a scroll of noise
 w - 6 scrolls of teleportation
Jewellery
 b - a ring of sustain abilities (left hand) {unknown}
Potions
 t - a potion of magic
 u - 2 potions of porridge
 A - a potion of curing
 C - a potion of heal wounds


   Skills:
 * Level 5.8 Fighting
 + Level 8.3 Polearms
 + Level 2.8 Throwing
 + Level 2.3 Armour
 * Level 11.6 Dodging
 + Level 2.0 Stealth
 + Level 0.9 Evocations


You had 8 spell levels left.
You didn't know any spells.

Dungeon Overview and Level Annotations

Branches:
Dungeon (8/15)             Temple (1/1) D:7
   Lair: D:8-11

Altars:
Cheibriados
Fedhas
Kikubaaqudgha
Makhleb
Nemelex Xobeh
Okawaru
Sif Muna
Trog
Vehumet
Xom
Yredelemnul
Zin
The Shining One

Shops:
D:7 [

Annotations:
D:5 Dowan, Duvessa


Message History

You barely miss the electric eel.
The electric eel is severely wounded.
The giant goldfish completely misses you.
The electric eel shoots out a bolt of electricity!
The bolt of electricity misses you.
You hit the electric eel but do no damage.
The electric eel is severely wounded.
The orc priest invokes the aid of Beogh against you.
Something smites you!
* * * LOW HITPOINT WARNING * * *
The giant goldfish barely misses you.
You hit the electric eel. You tail-slap the electric eel.
You kill the electric eel!
Okawaru accepts your kill.
The orc priest invokes the aid of Beogh against you.
Something smites you!
* * * LOW HITPOINT WARNING * * *
The orc priest becomes somewhat translucent.
The giant goldfish bites you!
You die...

#..≈≈≈≈≈≈≈...#....###.
#...≈≈≈≈≈≈P..#<.......
###.....≈≈P.............
##..............<.....#
##...P..........(......#
#..P≈≈≈.........(......#
#...≈≈≈≈≈o≈...##.#####....
..≈≈≈≈≈≈≈≈≈..##.# ...
.Po≈≈≈≈≈;@≈P.##.# .
..≈≈≈≈≈≈≈≈...#...
P.≈≈≈≈≈≈≈..##...
P..o≈o≈.P.# . .........##
#......## #######


You could see a giant goldfish and 4 orc priests.

Vanquished Creatures
  Grinder (D:5)
  Prince Ribbit (D:7)
  A human (D:2)
  An ogre (D:7)
  A phantom (D:4)
  Sigmund (D:6)
  A centaur (D:8)
  3 giant frogs
  Blork the orc (D:8)
  2 scorpions
  An electric eel (D:8)
  A quasit (D:6)
  A crimson imp (D:5)
  3 hounds
  3 iguanas
  3 orc priests
  3 orc wizards
  6 worker ants
  6 adders
  4 gnolls (D:4)
  An orc skeleton (D:6)
  A shadow imp (D:6)
  2 giant mites (D:2)
  2 worms
  An adder skeleton (D:7)
  3 giant eyeballs
  8 giant geckos
  An ooze (D:2)
  16 orcs
  10 ball pythons
  A bat skeleton (D:4)
  2 giant cockroaches
  11 goblins
  9 hobgoblins
  13 jackals
  12 kobolds
  3 quokkas
  15 bats
  A giant mite zombie (D:7)
  6 giant newts
  A giant spore (D:6)
  A goblin skeleton (D:2)
  A hobgoblin skeleton (D:5)
  A kobold skeleton (D:7)
  5 rats
  3 ballistomycetes (D:6)
174 creatures vanquished.

Vanquished Creatures (others)
  A big fish (D:8)
  A shadow imp (D:6)
  A goblin (D:6)
3 creatures vanquished.

Grand Total: 177 creatures vanquished

Notes
Turn   | Place    | Note
--------------------------------------------------------------
     0 | D:1      | Leibowitz, the Merfolk Gladiator, began the quest for the Orb.
     0 | D:1      | Reached XP level 1. HP: 16/16 MP: 1/1
     2 | D:1      | Noticed a human
     2 | D:1      | Noticed a felid
     4 | D:1      | Noticed a draconian
     6 | D:1      | Noticed a formicid
     6 | D:1      | Noticed an ogre
     8 | D:1      | Noticed a centaur
    10 | D:1      | Noticed a troll
    10 | D:1      | Noticed a gargoyle
    12 | D:1      | Noticed a merfolk
    12 | D:1      | Noticed a tengu
    14 | D:1      | Noticed a dwarf
    16 | D:1      | Noticed a ghoul
    18 | D:1      | Noticed an elf
    18 | D:1      | Noticed a vine stalker
    20 | D:1      | Noticed a spriggan
    22 | D:1      | Noticed a demonspawn
    22 | D:1      | Noticed a demigod
    24 | D:1      | Noticed a minotaur
    24 | D:1      | Noticed a vampire
    26 | D:1      | Noticed an octopode
    26 | D:1      | Noticed a naga
   238 | D:1      | Reached XP level 2. HP: 18/23 MP: 2/2
   977 | D:2      | Reached XP level 3. HP: 13/28 MP: 3/3
   990 | D:2      | Reached skill level 5 in Dodging
  1397 | D:2      | Noticed a human
  1401 | D:2      | Found a basalt altar of Yredelemnul.
  1492 | D:2      | Killed a human
  1492 | D:2      | Reached skill level 5 in Polearms
  1492 | D:2      | Reached skill level 1 in Armour
  1492 | D:2      | Reached skill level 6 in Dodging
  1492 | D:2      | Reached XP level 4. HP: 13/35 MP: 4/4
  1492 | D:2      | Reached XP level 5. HP: 15/41 MP: 5/5
  2074 | D:2      | Reached XP level 6. HP: 28/47 MP: 6/6
  2999 | D:3      | Gained mutation: You have sharp fingernails. [potion of mutation]
  2999 | D:3      | Gained mutation: Your digestive system is specialised to digest meat. [potion of mutation]
  2999 | D:3      | Gained mutation: You have a fast metabolism. [potion of mutation]
  3186 | D:3      | Reached skill level 7 in Dodging
  3449 | D:4      | Paralysed by a giant eyeball for 3 turns
  3943 | D:4      | Reached XP level 7. HP: 44/52 MP: 7/7
  4143 | D:4      | Found an iron altar of Okawaru.
  4143 | D:4      | Found a deep blue altar of Sif Muna.
  4151 | D:4      | Became a worshipper of Warmaster Okawaru
  4284 | D:4      | Found a bloodstained altar of Trog.
  4442 | D:4      | Reached skill level 1 in Stealth
  4735 | D:5      | Entered Level 5 of the Dungeon
  4751 | D:5      | Reached skill level 8 in Dodging
  4755 | D:5      | Paralysed by a giant eyeball for 2 turns
  4952 | D:5      | Found a radiant altar of Vehumet.
  4956 | D:5      | Found an ancient bone altar of Kikubaaqudgha.
  4963 | D:5      | Found a shimmering altar of Xom.
  5254 | D:5      | Noticed Dowan
  5259 | D:5      | Noticed Duvessa
  5266 | D:5      | Noticed Grinder
  5705 | D:5      | Paralysed by Grinder for 5 turns
  5725 | D:5      | Killed Grinder
  5725 | D:5      | Acquired Okawaru's first power
  5725 | D:5      | Reached XP level 8. HP: 53/61 MP: 8/8
  5951 | D:5      | Reached skill level 9 in Dodging
  6065 | D:6      | Reached skill level 5 in Fighting
  6112 | D:6      | Noticed Sigmund
  6125 | D:6      | Killed Sigmund
  6372 | D:6      | Lost mutation: You have sharp fingernails. [potion of cure mutation]
  6372 | D:6      | Lost mutation: Your digestive system is specialised to digest meat. [potion of cure mutation]
  6372 | D:6      | Lost mutation: You have a fast metabolism. [potion of cure mutation]
  6433 | D:6      | Reached skill level 10 in Dodging
  6466 | D:6      | Paralysed by a potion of paralysis for 6 turns
  6610 | D:7      | Noticed Prince Ribbit
  6687 | D:7      | Killed Prince Ribbit
  6953 | D:7      | Reached XP level 9. HP: 59/68 MP: 10/10
  6999 | D:7      | Reached skill level 11 in Dodging
  7129 | D:7      | Found a sparkling altar of Nemelex Xobeh.
  7149 | D:7      | Found Hadablom's Antique Armour Shoppe.
  7186 | D:7      | Bought a runed cloak for 108 gold pieces
  7377 | D:7      | Found a staircase to the Ecumenical Temple.
  7402 | Temple   | Entered the Ecumenical Temple
  7650 | D:8      | Noticed Blork the orc
  7667 | D:8      | Killed Blork the orc
  7704 | D:8      | HP: 2/69 [orc priest/divine providence (17)]
  7704 | D:8      | Mangled by a giant goldfish

Action                   |  1- 3 |  4- 6 |  7- 9 || total
-------------------------+-------+-------+-------++-------
Melee: Trident           |   162 |   189 |   468 ||   819
       Scythe            |       |       |     1 ||     1
Throw: Throwing net      |     3 |       |     4 ||     7
       Javelin           |       |       |     5 ||     5
       Stone             |       |       |     1 ||     1
Evoke: Wand              |       |     4 |     3 ||     7
  Use: Potion            |     1 |     7 |     9 ||    17
       Scroll            |       |     5 |     2 ||     7
 Stab: Held in net/web   |     2 |       |     1 ||     3
       Sleeping          |       |     1 |       ||     1
